 Dungeon Crawl Stone Soup version 0.32-a0-163-g159c032296 (webtiles) character file.

Game seed: 16140992440912482336

500 CougarLife the Digger (level 7, 0/51 HPs)
             Began as a Gnoll Earth Elementalist on Feb 11, 2024.
             Slain by a gnoll
             ... wielding a +0 whip
             ... led by a gnoll bouda
              (3 damage)
             ... on level 4 of the Dungeon.
             The game lasted 00:04:38 (3717 turns).

CougarLife the Digger (Gnoll Earth Elementalist)    Turns: 3717, Time: 00:04:39

Health: 0/51       AC:  5    Str:  8    XL:     7   Next: 16%
Magic:  5/15       EV: 13    Int: 16    God:
Gold:   251        SH:  0    Dex: 12    Spells: 13/17 levels left

rFire   + . .        h - +0 dagger
rCold   + . .        (no shield)
rNeg    . . .        i - +2 animal skin
rPois   .            j - +0 helmet
rElec   .            l - scarf {rC+ rF+}
rCorr   .            (no gloves)
SInv    .            (no boots)
Will    .....        (no amulet)
Stlth   +++          (no ring)
HPRegen 0.28/turn    (no ring)
MPRegen 0.14/turn

%: no passive effects
@: no status effects
A: fangs 1, strong nose, distributed training
a: no special abilities


You were on level 4 of the Dungeon.
You visited 1 branch of the dungeon, and saw 4 of its levels.
You also visited: Sewer.

You collected 251 gold pieces.

Inventory:

Hand Weapons
 h - a +0 dagger (weapon)
Missiles
 f - 8 javelins
Armour
 i - a +2 animal skin (worn)
 j - a +0 helmet (worn)
 l - a scarf of resistance (worn)
Jewellery
 t - an amulet of magic regeneration
Scrolls
 c - a scroll of poison {unknown}
 d - a scroll of enchant armour {unknown}
 e - a scroll of identify {unknown}
 g - 4 scrolls of summoning {unknown}
 m - 2 scrolls of noise
 n - a scroll of teleportation {unknown}
 o - a scroll of immolation {unknown}
 p - a scroll of enchant weapon {unknown}
Potions
 a - 2 potions of enlightenment
 b - 2 potions of magic
 k - a potion of mutation
 q - a potion of might {unknown}
 r - a potion of lignification {unknown}
 s - a potion of brilliance {unknown}
 u - a potion of cancellation {unknown}


   Skills:
 + Level 2.4 Fighting
 + Level 2.4 Short Blades
 + Level 2.4 Long Blades
 + Level 2.4 Axes
 + Level 2.4 Maces & Flails
 + Level 2.4 Polearms
 + Level 2.4 Staves
 + Level 2.4 Ranged Weapons
 + Level 2.4 Throwing
 + Level 2.4 Armour
 + Level 5.2 Dodging
 + Level 4.8 Stealth
 + Level 2.4 Shields
 + Level 2.4 Unarmed Combat
 + Level 5.6 Spellcasting
 + Level 2.9 Conjurations
 + Level 2.0 Hexes
 + Level 2.0 Summonings
 + Level 2.0 Necromancy
 + Level 2.0 Translocations
 + Level 2.0 Fire Magic
 + Level 2.0 Ice Magic
 + Level 2.0 Air Magic
 + Level 5.8 Earth Magic
 + Level 2.0 Alchemy
 + Level 2.6 Invocations
 + Level 2.4 Evocations
 + Level 2.2 Shapeshifting


You had 13 spell levels left.
You knew the following spells:

 Your Spells              Type           Power      Damage    Failure   Level
a - Sandblast             Erth           46%        2d11      1%          1
b - Stone Arrow           Conj/Erth      36%        3d9       7%          3

Your spell library contained the following spells:

 Spells                   Type           Power      Damage    Failure   Level
 Passwall                 Erth           23%        N/A       4%          3
 Slow                     Hex            40%        N/A       6%          1
 Call Canine Familiar     Summ           10%        N/A       19%         3
 Confusing Touch          Hex            10%        N/A       19%         3
 Sigil of Binding         Hex            10%        N/A       19%         3
 Vampiric Draining        Necr           10%        2d6       19%         3
 Brom's Barrelling Bould  Conj/Erth      18%        2d4       24%         4
 Petrify                  Alch/Erth      17%        N/A       28%         4
 Dimensional Bullseye     Hex/Tloc       5%         N/A       54%         4


Dungeon Overview and Level Annotations

Branches:
Dungeon (4/15)              Sewer (visited)
 Temple: D:4-7

Altars:
Cheibriados
Dithmenos
Elyvilon
Fedhas
Gozag
Hepliaklqana
Qazlal
Ru
Uskayaw
The Shining One

Shops:
D:2 [


Innate Abilities, Weirdness & Mutations

You have very sharp teeth.
Your uncanny sense of smell can sniff out nearby items.
Your experience applies equally to all skills.


Message History

The gnoll bouda hits you with a +0 club.
The gnoll hits you with a +0 whip.
The gnoll bouda gazes fiercely through you!
You feel your attacks grow feeble.
The gnoll bouda hits you with a +0 club.
The blast of sand hits the gnoll bouda!
You kill the gnoll bouda!
The gnoll hits you with a +0 whip.
Your Hexes skill increases to level 2!
Your Summonings skill increases to level 2!
Your Necromancy skill increases to level 2!
Your Translocations skill increases to level 2!
Your Fire Magic skill increases to level 2!
Your Ice Magic skill increases to level 2!
Your Air Magic skill increases to level 2!
Your Alchemy skill increases to level 2!
You are too injured to fight recklessly!
Casting: Sandblast (safe; 1% risk of failure)
Confirm with . or Enter, or press ? or * to list all spells.
Aiming: Sandblast (safe; 1% risk of failure)
Press: ? - help, Shift-Dir - straight line, f - gnoll
Aim: a gnoll, wielding a +0 flail (covering ground quickly, 85% to hit)
The blast of sand hits the gnoll!
The gnoll is severely wounded.
Your attacks no longer feel as feeble.
The gnoll completely misses you. The gnoll hits you with a +0 flail!
* * * LOW HITPOINT WARNING * * *
The gnoll hits you with a +0 whip.
* * * LOW HITPOINT WARNING * * *
The gnoll hits you with a +0 flail.
* * * LOW HITPOINT WARNING * * *
Casting: Sandblast (safe; 1% risk of failure)
Confirm with . or Enter, or press ? or * to list all spells.
Aiming: Sandblast (safe; 1% risk of failure)
Press: ? - help, Shift-Dir - straight line, f/p - gnoll
Aim: a gnoll, wielding a +0 flail (severely wounded, covering ground quickly, 85% to hit)
The blast of sand hits the gnoll!!
You kill the gnoll!
The gnoll hits you with a +0 whip.
You die...

#. #.#....########
#.##...###########
#.................
#.##...#.#########
#.###.##.# # #.#
#.# # # #.###.# #
#.###g....# .
#..))@##..# #
#.######..# #..#
#..# .... ...##
#...#


You could see a gnoll (swift).

Vanquished Creatures
  Grinder (D:3)
  A gnoll bouda (D:4)
  Natasha (D:3)
  Terence (D:3)
  An orc wizard (D:3)
  Robin (D:3)
  4 gnolls
  6 adders
  2 river rats
  2 dart slugs
  4 ribbon worms
  8 bats
  5 endoplasms
  5 giant cockroaches
  12 goblins
  7 hobgoblins
  3 kobolds
  4 quokkas
  13 ball pythons
  4 frilled lizards
  8 rats
93 creatures vanquished.

Notes
Turn   | Place    | Note
-------+----------+-------------------------------------------
     0 | D:1      | CougarLife the Gnoll Earth Elementalist began the quest for
                  | the Orb.
     0 | D:1      | Reached XP level 1. HP: 13/13 MP: 6/6
   108 | D:1      | Reached XP level 2. HP: 19/19 MP: 2/7
   431 | D:1      | Reached skill level 5 in Spellcasting
   431 | D:1      | Reached XP level 3. HP: 25/25 MP: 6/9
  1095 | D:2      | Reached skill level 1 in Invocations
  1400 | D:2      | Reached skill level 1 in Fighting
  1400 | D:2      | Reached skill level 1 in Short Blades
  1400 | D:2      | Reached skill level 1 in Long Blades
  1400 | D:2      | Reached skill level 1 in Axes
  1400 | D:2      | Reached skill level 1 in Maces & Flails
  1400 | D:2      | Reached skill level 1 in Polearms
  1400 | D:2      | Reached skill level 1 in Staves
  1400 | D:2      | Reached skill level 1 in Ranged Weapons
  1400 | D:2      | Reached skill level 1 in Throwing
  1400 | D:2      | Reached skill level 1 in Armour
  1400 | D:2      | Reached skill level 1 in Shields
  1400 | D:2      | Reached skill level 1 in Unarmed Combat
  1400 | D:2      | Reached skill level 1 in Evocations
  1433 | D:2      | Found a snail-covered altar of Cheibriados.
  1506 | D:2      | Reached skill level 1 in Shapeshifting
  1506 | D:2      | Reached XP level 4. HP: 32/32 MP: 9/11
  1666 | D:2      | Reached skill level 1 in Hexes
  1666 | D:2      | Reached skill level 1 in Summonings
  1666 | D:2      | Reached skill level 1 in Necromancy
  1666 | D:2      | Reached skill level 1 in Translocations
  1666 | D:2      | Reached skill level 1 in Fire Magic
  1666 | D:2      | Reached skill level 1 in Ice Magic
  1666 | D:2      | Reached skill level 1 in Air Magic
  1666 | D:2      | Reached skill level 1 in Alchemy
  1857 | D:2      | Found Zotaxock's Armour Shoppe.
  2045 | D:3      | Noticed Robin
  2105 | D:3      | Killed Robin
  2127 | D:3      | Learned a level 3 spell: Stone Arrow
  2139 | D:3      | Found a sacrificial altar of Ru.
  2141 | D:3      | Found an opulent altar of Gozag.
  2143 | D:3      | Noticed Grinder
  2150 | D:3      | Killed Grinder
  2151 | D:3      | Reached skill level 5 in Dodging
  2151 | D:3      | Reached XP level 5. HP: 24/38 MP: 1/12
  2151 | D:3      | Reached XP level 6. HP: 27/44 MP: 1/14
  2205 | D:3      | Found a glowing drain.
  2223 | Sewer    | Entered a sewer
  2997 | D:3      | Noticed Terence
  3000 | D:3      | Killed Terence
  3052 | D:3      | Found a blossoming altar of Fedhas.
  3053 | D:3      | Found a hide-covered altar of Uskayaw.
  3054 | D:3      | Found a stormy altar of Qazlal.
  3056 | D:3      | Found a white marble altar of Elyvilon.
  3057 | D:3      | Found a glowing golden altar of the Shining One.
  3251 | D:3      | Found a faded altar of an unknown god.
  3252 | D:3      | Found a hazy altar of Hepliaklqana.
  3307 | D:3      | Noticed Natasha
  3317 | D:3      | Killed Natasha
  3318 | D:3      | Reached XP level 7. HP: 51/51 MP: 6/15
  3386 | D:3      | Found a shadowy altar of Dithmenos.
  3717 | D:4      | Slain by a gnoll

Illustrated notes

Levels and vault maps discovered:
D:1:      minmay_arrival_four_circles, layout_basic, kennysheep_boxes
D:2:      layout_basic, serial_shops, nicolae_shop_tiny_glass, serial_curves,
          eino_curves_04, eino_curves_03, eino_curves_04, basic_altar
D:3:      layout_loops_ring, grunt_temple_overflow_open, minitemple,
          mainiacjoe_overflow_six_doors_small,
          beargit_hepliaklqana_dungeon_heroes, portal_sewer_entry_a, uniq_robin,
          uniq_grinder, uniq_natasha, uniq_terence
D:4:      layout_loops_ring, nicolae_shop_fire_sale [nicolae_sub_dead_trees]

Skill      XL: |  1  2  3  4  5  6  7 |
---------------+----------------------+-----
Conjurations   | 2 |  2.9
Spellcasting   | 5 |  5.6
Invocations    | 1 2 |  2.6
Fighting       | 1 2 |  2.4
Short Blades   | 1 2 |  2.4
Long Blades    | 1 2 |  2.4
Axes           | 1 2 |  2.4
Maces & Flails | 1 2 |  2.4
Polearms       | 1 2 |  2.4
Staves         | 1 2 |  2.4
Ranged Weapons | 1 2 |  2.4
Throwing       | 1 2 |  2.4
Armour         | 1 2 |  2.4
Shields        | 1 2 |  2.4
Unarmed Combat | 1 2 |  2.4
Evocations     | 1 2 |  2.4
Shapeshifting  | 1 2 |  2.2
Hexes          | 1 2 |  2.0
Summonings     | 1 2 |  2.0
Necromancy     | 1 2 |  2.0
Translocations | 1 2 |  2.0
Fire Magic     | 1 2 |  2.0
Ice Magic      | 1 2 |  2.0
Air Magic      | 1 2 |  2.0
Alchemy        | 1 2 |  2.0
Dodging        | 5 |  5.2
Stealth        | |  4.8
Earth Magic    | |  5.8

Action                     |  1- 3 |  4- 6 |  7- 9 || total
---------------------------+-------+-------+-------++-------
  Melee: Unarmed           |     3 |     3 |       ||     6
         Dagger            |       |    23 |       ||    23
         Bite              |       |     7 |       ||     7
         Punch             |       |     2 |       ||     2
   Cast: Sandblast         |    38 |    83 |    11 ||   132
         Stone Arrow       |       |     3 |       ||     3
 Armour: Robe              |     7 |    12 |       ||    19
         Animal skin       |       |    34 |    11 ||    45
  Dodge: Dodged            |     6 |    55 |     3 ||    64

Table legend: (Time is in decaauts)
 A = Elapsed time spent in this place.
 B = Non-inter-level travel time spent in this place.
 C = Inter-level travel time spent in this place.
 D = Time resting spent in this place.
 E = Time spent auto-exploring this place.
 F = Levels seen in this place.
 G = Mean time per level.
                   A        B        C        D        E       F      G
               +--------+--------+--------+--------+--------+-----+--------+
         Total |   3968 |   3895 |     73 |    280 |   3007 |   5 |  793.6 |
       Dungeon |   3013 |   2940 |     73 |    185 |   2303 |   4 |  753.2 |
         Sewer |    954 |    954 |      0 |     95 |    703 |   1 |  954.0 |
               +--------+--------+--------+--------+--------+-----+--------+

Top non-repeatable levels by time:
     D:1: 1104 daAuts
     D:2: 956 daAuts
   Sewer: 954 daAuts
     D:3: 891 daAuts
     D:4: 60 daAuts
